 Dungeon Crawl Stone Soup version 0.30-a0-4-ga7cffc901d (webtiles) character file.

Game seed: 16564428146318919960

186 frimble the Digger (level 5, 0/57 HPs)
             Began as a Demonspawn Earth Elementalist on Aug 20, 2022.
             Slain by an orc wizard
             ... wielding a +0 dagger
              (1 damage)
             ... on level 3 of the Dungeon.
             The game lasted 00:04:31 (3536 turns).

frimble the Digger (Demonspawn Earth Elementalist)  Turns: 3536, Time: 00:04:31

Health: 0/57       AC:  3    Str: 10    XL:     5   Next: 38%
Magic:  4/8        EV: 12    Int: 23    God:
Gold:   101        SH:  0    Dex: 13    Spells: 7/8 levels left

rFire   . . .      SeeInvis .    f - +1 spear
rCold   . . .      Faith    .    (no shield)
rNeg    . . .      Spirit   .    n - +1 robe {Will+}
rPois   .          Reflect  .    (helmet restricted)
rElec   .          Harm     .    (no cloak)
rCorr   .          Rampage  .    (no gloves)
Will    +....                    (no boots)
Stlth   ..........               c - amulet of the acrobat
HPRegen 0.19/turn                k - +6 ring of intelligence
MPRegen 0.11/turn                (no ring)

@: berserking, very quick
A: antennae 1, ignite blood 1, weakness stinger 1
a: no special abilities


You were on level 3 of the Dungeon.
You visited 1 branch of the dungeon, and saw 3 of its levels.

You collected 101 gold pieces.

Inventory:

Hand Weapons
 f - a +1 spear (weapon)
Armour
 b - a +0 buckler
 e - a +0 scale mail
 n - a +1 robe of willpower (worn)
Jewellery
 c - an amulet of the acrobat (around neck)
 k - a +6 ring of intelligence (left hand)
Wands
 m - a wand of light (9)
Scrolls
 d - 3 scrolls of noise
 h - 4 scrolls of identify
 i - a scroll of torment
 j - a scroll of magic mapping {unknown}
Potions
 a - 2 potions of resistance
 l - a potion of attraction {unknown}


   Skills:
 - Level 2.0 Fighting
 + Level 1.5 Armour
 - Level 2.0 Dodging
 - Level 2.0 Stealth
 - Level 2.0 Spellcasting
 + Level 2.5 Transmutations
 + Level 3.7 Earth Magic
 + Level 0.7 Evocations


You had 7 spell levels left.
You knew the following spells:

 Your Spells              Type           Power      Damage    Failure   Level
a - Sandblast             Erth           38%        2d10      2%          1

Your spell library contained the following spells:

 Spells                   Type           Power      Damage    Failure   Level
 Passwall                 Tmut/Erth      13%        N/A       5%          2
 Magic Dart               Conj           8%         1d3       13%         1
 Necrotise                Necr           8%         1d4       13%         1
 Call Imp                 Summ           2%         N/A       19%         2
 Stone Arrow              Conj/Erth      20%        3d8       19%         3
 Petrify                  Tmut/Erth      16%        N/A       34%         4
 Mephitic Cloud           Conj/Pois/Air  2%         N/A       36%         3
 Vampiric Draining        Necr           2%         2d6       36%         3
 Agony                    Necr           2%         N/A       98%         5


Dungeon Overview and Level Annotations

Branches:
Dungeon (3/15)

Altars:
Okawaru


Innate Abilities, Weirdness & Mutations

You have a pair of small antennae on your head.
Your demonic aura sometimes causes spilled blood to erupt in flames.
You have a small tail.


Message History

Deactivating autopickup; reactivate with Ctrl-A.
The orc priest miscasts a cantrip.
Aiming: Sandblast (safe; 3% risk of failure)
Press: ? - help, Q - select action, (/) - cycle Shift-Dir - straight line, f - orc
Aim: an orc, wielding a +0 flail (82% to hit)
The blast of sand hits the orc!
You kill the orc!
Aiming: Sandblast (safe; 3% risk of failure)
Press: ? - help, Q - select action, (/) - cycle Shift-Dir - straight line, f - orc priest
Aim: an orc priest, wielding a +3 mace and wearing a +0 ring mail (lightly wounded, 84% to hit)
The blast of sand hits the orc priest but does no damage.
The orc priest is lightly wounded.
Aiming: Sandblast (safe; 3% risk of failure)
Press: ? - help, Q - select action, (/) - cycle Shift-Dir - straight line, f/p - orc priest
Aim: an orc priest, wielding a +3 mace and wearing a +0 ring mail (lightly wounded, 84% to hit)
The blast of sand hits the orc priest but does no damage.
The orc priest is lightly wounded.
The orc priest closely misses you.
Aiming: Sandblast (safe; 3% risk of failure)
Press: ? - help, Q - select action, (/) - cycle Shift-Dir - straight line, f/p - orc priest
Aim: an orc priest, wielding a +3 mace and wearing a +0 ring mail (lightly wounded, 84% to hit)
The blast of sand hits the orc priest.
The orc priest is moderately wounded.
The orc priest hits you with a +3 mace. x2
* * * LOW HITPOINT WARNING * * *
It was a potion of berserk rage.
A red film seems to cover your vision as you go berserk!
You feel yourself moving faster!
You feel mighty!
The orc priest calls down the wrath of Beogh upon you.
Beogh smites you!
* * * LOW HITPOINT WARNING * * *
You hit the orc priest but do no damage.
You tail-slap the orc priest!
The orc priest is almost dead.
You puncture the orc priest!
You kill the orc priest!
You are too berserk!
You miss something. Something barely misses you.
You miss something. Something hits you.
You die...

...##############
................##########
.....o..................>#
........{######.#.######.#
....####o# ####'#'###### .
#..#.# #...........#
#..#.# #........##.#
#..#)###........##.#
#..#..{@....######.#
#..########## #.# #..# #.#
#..# #.#
#..###############.#
#..................#
#.################## #.#
#.#


There were no monsters in sight!

Vanquished Creatures
  An orc priest (D:3)
  Jessica (D:3)
  4 gnolls (D:2)
  3 adders (D:2)
  A worm (D:2)
  3 dart slugs
  4 orcs (D:3)
  8 bats
  4 endoplasms
  A giant cockroach (D:2)
  4 goblins
  6 hobgoblins
  4 kobolds
  2 quokkas
  6 ball pythons
  2 rats (D:1)
54 creatures vanquished.

Vanquished Creatures (others)
  3 withered plants (D:2)
3 creatures vanquished.

Grand Total: 57 creatures vanquished

Notes
Turn   | Place    | Note
-------+----------+-------------------------------------------
     0 | D:1      | frimble the Demonspawn Earth Elementalist began the quest
                  | for the Orb.
     0 | D:1      | Reached XP level 1. HP: 13/13 MP: 3/3
   121 | D:1      | Reached skill level 1 in Transmutations
   507 | D:1      | Discovered your monstrous ancestry.
   507 | D:1      | Gained mutation: You have a pair of small antennae on your
                  | head. [demonic ancestry]
   507 | D:1      | Reached XP level 2. HP: 18/19 MP: 5/5
  1177 | D:1      | Reached skill level 3 in Earth Magic
  1832 | D:2      | Reached XP level 3. HP: 25/25 MP: 6/6
  1878 | D:2      | Reached skill level 1 in Fighting
  2399 | D:2      | Found a faded altar of an unknown god.
  2408 | D:2      | Gained mutation: Your demonic aura sometimes causes spilled
                  | blood to erupt in flames. [demonic ancestry]
  2408 | D:2      | Reached XP level 4. HP: 15/32 MP: 2/7
  2661 | D:2      | Reached skill level 1 in Armour
  3346 | D:3      | Noticed Jessica
  3350 | D:3      | Killed Jessica
  3351 | D:3      | Gained mutation: You have a small tail. [demonic ancestry]
  3351 | D:3      | Reached XP level 5. HP: 38/38 MP: 6/8
  3413 | D:3      | Found an iron altar of Okawaru.
  3532 | D:3      | HP: 1/57 [orc priest/divine providence (13)]
  3536 | D:3      | Slain by an orc wizard

Illustrated notes

Levels and vault maps discovered:
D:1:      saegor_arrival_fortress, layout_loops_ring, minivault_24,
          minmay_crystal_water
D:2:      layout_basic, ebering_ecumenical_altar_petrified,
          kennysheep_decorative_pillar
D:3:      layout_basic, grunt_temple_overflow_open, minmay_misc_feat_nine_boxes,
          uniq_jessica

Skill      XL: |  1  2  3  4 |
---------------+-------------+-----
Transmutations | 1 2 |  2.5
Dodging        | 2 |  2.0
Stealth        | 2 |  2.0
Earth Magic    | 3 |  3.7
Fighting       | 1 2 |  2.0
Armour         | 1 |  1.5
Spellcasting   | |  2.0
Evocations     | |  0.7

Action                   |  1- 3 |  4- 6 || total
-------------------------+-------+-------++-------
Melee: Spear             |    89 |    26 ||   115
       Punch             |     1 |     1 ||     2
       Tailslap          |       |     2 ||     2
 Cast: Sandblast         |    36 |    24 ||    60
  Use: Potion            |     1 |     1 ||     2
       Scroll            |     3 |     4 ||     7
 Stab: Sleeping          |     4 |       ||     4
Armor: Robe              |    15 |       ||    15
       Ring mail         |    10 |     1 ||    11
Dodge: Dodged            |    62 |    19 ||    81

Table legend: (Time is in decaauts)
 A = Elapsed time spent in this place.
 B = Non-inter-level travel time spent in this place.
 C = Inter-level travel time spent in this place.
 D = Time resting spent in this place.
 E = Time spent auto-exploring this place.
 F = Levels seen in this place.
 G = Mean time per level.
                   A        B        C        D        E       F      G
               +--------+--------+--------+--------+--------+-----+--------+
         Total |   3576 |   3485 |     91 |     42 |   2935 |   3 | 1192.0 |
       Dungeon |   3576 |   3485 |     91 |     42 |   2935 |   3 | 1192.0 |
               +--------+--------+--------+--------+--------+-----+--------+

Top non-repeatable levels by time:
     D:1: 2099 daAuts
     D:2: 1163 daAuts
     D:3: 313 daAuts
